 Dungeon Crawl Stone Soup version 0.23-a0-336-g43d87f4c55 (webtiles) character file.

312 Leibowitz the Sneak (level 5, -9/39 HPs)
             Began as a Demigod Enchanter on Oct 18, 2018.
             Mangled by an orc
             ... wielding a +0 hand axe
              (10 damage)
             ... on level 4 of the Dungeon.
             The game lasted 00:12:41 (4238 turns).

Leibowitz the Sneak (Demigod Enchanter)             Turns: 4238, Time: 00:12:42

Health: -9/39      AC:  2    Str: 11    XL:     5   Next: 97%
Magic:  12/12      EV: 13    Int: 21    God:
Gold:   125        SH:  0    Dex: 16    Spells: 3/9 levels left

rFire    . . .     SeeInvis .   a - +2 dagger (freeze)
rCold    . . .     Gourm    .   (no shield)
rNeg     . . .     Faith    .   b - +0 robe
rPois    .         Spirit   .   (no helmet)
rElec    .         Reflect  .   (no cloak)
rCorr    +         Harm     .   (no gloves)
MR       .....                  (no boots)
Stlth    +++.......             (no amulet)
HPRegen  0.13/turn              x - ring of resist corrosion
MPRegen  0.13/turn              (no ring)

@: flying
A: high mp 1
a: no special abilities


You were on level 4 of the Dungeon.
You were not hungry.

You visited 1 branch of the dungeon, and saw 4 of its levels.

You collected 125 gold pieces.

Inventory:

Hand Weapons
 a - a +2 dagger of freezing (weapon)
 t - a +0 blowgun
Missiles
 e - 6 poisoned tomahawks (quivered)
 h - 2 curare-tipped needles
 p - 5 poisoned javelins
 u - 10 poisoned needles
Armour
 b - a +0 robe (worn)
Jewellery
 x - a ring of resist corrosion (left hand)
Wands
 r - a wand of flame (22)
Scrolls
 c - a scroll of remove curse {unknown}
 f - 3 scrolls of identify {unknown}
 l - a scroll of teleportation {unknown}
 m - a scroll of fear {unknown}
 n - 2 scrolls of enchant weapon {unknown}
 o - a scroll of noise {unknown}
 v - a scroll of random uselessness {unknown}
Potions
 g - 3 potions of flight
 i - 2 potions of curing {unknown}
 j - a potion of resistance {unknown}
 k - a potion of agility {unknown}
 q - a potion of might {unknown}
 s - a potion of heal wounds {unknown}
Comestibles
 d - 2 rations
 w - 2 chunks of flesh


   Skills:
 + Level 0.4 Fighting
 + Level 2.4 Short Blades
 * Level 2.9 Dodging
 * Level 4.1 Stealth
 * Level 2.9 Spellcasting
 * Level 3.4 Hexes
 + Level 0.2 Ice Magic


You had 3 spell levels left.
You knew the following spells:

 Your Spells              Type           Power        Failure   Level  Hunger
a - Corona                Hex            ###....      3%          1    None
b - Ensorcelled Hibernat  Hex/Ice        ##....       10%         2    ##.....
c - Confuse               Hex            ###.....     10%         3    ###....

Your spell library contained the following spells:

 Spells                   Type           Power        Failure   Level  Hunger
 Tukima's Dance           Hex            ###.....     10%         3    ###....
 Magic Dart               Conj           #...         14%         1    None
 Sandblast                Erth           #.....       14%         1    None
 Passwall                 Tmut/Erth      #.......     21%         2    ##.....
 Searing Ray              Conj           #.....       21%         2    ##.....
 Dazzling Spray           Conj/Hex       ##....       21%         3    ###....
 Stone Arrow              Conj/Erth      #.....       38%         3    ###....
 Fulminant Prism          Conj/Hex       ##........   54%         4    ####...
 Force Lance              Conj/Tloc      #.......     80%         4    ####...
 Iskenderun's Mystic Bla  Conj           #.......     80%         4    ####...
 Petrify                  Tmut/Erth      #.......     80%         4    ####...
 Lee's Rapid Deconstruct  Erth           #.........   98%         5    ######.


Dungeon Overview and Level Annotations

Branches:
Dungeon (4/15)
 Temple: D:4-7

Annotations:
D:4 Ijyb


Innate Abilities, Weirdness & Mutations

You have an increased reservoir of magic. (+10% MP)


Message History

You miss the hound. The hound bites you. The orc barely misses you.
You closely miss the hound. The hound bites you.
The orc hits you with a +0 hand axe. The hound barely misses you.
You miss the hound.
The hound stops to sniff the ground.
The hound bites you. The orc wizard casts a spell at you.
The magic dart hits you!
You hit the hound. You freeze the hound.
The hound is heavily wounded.
The hound bites you.
* * * LOW HITPOINT WARNING * * *
The orc hits you with a +0 hand axe.
* * * LOW HITPOINT WARNING * * *
It was a potion of flight.
You feel very buoyant.
You fly up into the air.
The hound barely misses you. The hound bites you.
* * * LOW HITPOINT WARNING * * *
The orc hits you with a +0 hand axe!
You die...

.. ... . #.### ###.
...# ###...
...#######.###...#
......h.##.......#
...####@o#.....#
##o......# .
##)...##.#
....####..#.###.#
#.......#.##..#
..o.#.....#.....###
o ....#o...####...##
g...##g..#..##.....#
###
#.####.##)....######


You could see a hound, an orc wizard and an orc.

Vanquished Creatures
  An ogre (D:4)
  An iguana (D:4)
  2 orc wizards
  9 adders
  An ooze (D:1)
  A worm (D:3)
  A leopard gecko (D:2)
  4 orcs
  2 giant cockroaches
  7 goblins
  7 hobgoblins
  7 jackals (D:3)
  4 quokkas (D:2)
  4 bats
  5 frilled lizards
  8 kobolds
  9 rats
73 creatures vanquished.

Vanquished Creatures (others)
  A plant (D:2)
1 creature vanquished.

Grand Total: 74 creatures vanquished

Notes
Turn   | Place    | Note
-------+----------+-------------------------------------------
     0 | D:1      | Leibowitz the Demigod Enchanter began the quest for the
                  | Orb.
     0 | D:1      | Reached XP level 1. HP: 14/14 MP: 5/5
    82 | D:1      | Reached skill level 1 in Short Blades
   258 | D:1      | Reached XP level 2. HP: 13/20 MP: 5/7
   262 | D:1      | Learned a level 2 spell: Ensorcelled Hibernation
   763 | D:1      | Reached skill level 3 in Stealth
  1001 | D:1      | You fall through a shaft!
  1153 | D:2      | Reached XP level 3. HP: 10/26 MP: 8/8
  1625 | D:2      | Found an ornate altar of the Wu Jian Council.
  1849 | D:2      | Found a deep blue altar of Sif Muna.
  1994 | D:1      | Learned a level 3 spell: Confuse
  2629 | D:2      | Found a snail-covered altar of Cheibriados.
  2629 | D:2      | Found a bloodstained altar of Trog.
  2637 | D:2      | Found a shimmering altar of Xom.
  2639 | D:2      | Found a glowing silver altar of Zin.
  2859 | D:3      | Reached XP level 4. HP: 21/33 MP: 1/10
  3216 | D:3      | Found an iron altar of Okawaru.
  3858 | D:3      | Found a shadowy altar of Dithmenos.
  3981 | D:4      | Noticed an ogre
  3984 | D:4      | Killed an ogre
  3984 | D:4      | Reached XP level 5. HP: 38/38 MP: 10/12
  4060 | D:4      | Reached skill level 4 in Stealth
  4215 | D:4      | Noticed Ijyb
  4238 | D:4      | HP: 1/39 [hound (4)]
  4238 | D:4      | Mangled by an orc

Vault maps used:
D:1:      doesnt_arrival_eight_statues, minivault_5
D:2:      wad_woods_stonehenge, old_standard_altar, minitemple, serial_rivers,
          chequers_serial_rivers_micro_c, chequers_serial_rivers_large_b,
          chequers_serial_rivers_micro_b, chequers_serial_rivers_micro_e
D:3:      okawaru_trees_2, grunt_ministairs_12,
          grunt_dithmenos_smoke_and_mirrors
D:4:      first_ration, uniq_ijyb

Skill      XL: |  1  2  3  4  5 |
---------------+----------------+-----
Short Blades   | 1 2 |  2.4
Hexes          | 3 |  3.4
Stealth        | 3 4 |  4.1
Spellcasting   | 2 |  2.9
Dodging        | 2 |  2.9
Fighting       | |  0.4
Ice Magic      | |  0.2

Action                   |  1- 3 |  4- 6 || total
-------------------------+-------+-------++-------
Melee: Dagger            |    82 |    95 ||   177
Throw: Tomahawk          |     4 |       ||     4
 Cast: Corona            |     5 |     1 ||     6
       Ensorcelled Hiber |    16 |    12 ||    28
       Confuse           |       |    11 ||    11
Evoke: Wand              |       |     1 ||     1
  Use: Potion            |       |     1 ||     1
 Stab: Sleeping          |    12 |    12 ||    24
       Confused          |       |     4 ||     4
  Eat: Chunk             |     4 |     6 ||    10
       Ration            |     1 |       ||     1
Armor: Robe              |    14 |    20 ||    34
Dodge: Dodged            |    50 |    65 ||   115

Table legend:
 A = Non-vault XP
 B = Vault XP
 C = Vault XP percentage of total XP
 D = Non-vault monster count
 E = Vault monster count
 F = Vault count percentage of total count
                 A         B        C        D         E       F
            +---------+---------+-------+---------+---------+-------
      Total |     435 |      12 |   2.7 |      66 |       7 |   9.6
            +---------+---------+-------+---------+---------+-------
        D:1 |      27 |       0 |   0.0 |      14 |       0 |   0.0
        D:2 |      57 |      11 |  16.2 |      14 |       6 |  30.0
        D:3 |     129 |       1 |   0.8 |      30 |       1 |   3.2
        D:4 |     222 |       0 |   0.0 |       8 |       0 |   0.0
            +---------+---------+-------+---------+---------+-------
